 Dungeon Crawl Stone Soup version 0.28-a0-1234-g826d19b2e0 (webtiles) character file.

Game seed: 14149281470929697773

30 SensoryNuts the Skirmisher (level 3, -1/36 HPs)
             Began as a Troll Fighter on Dec 23, 2021.
             Was a Follower of Vehumet.
             Slain by Natasha (5 damage)
             ... on level 2 of the Dungeon.
             The game lasted 00:00:53 (917 turns).

SensoryNuts the Skirmisher (Troll Fighter)           Turns: 917, Time: 00:00:54

Health: -1/36      AC:  4    Str: 26    XL:     3   Next: 3%
Magic:  2/2        EV:  8    Int:  4    God:    Vehumet [*.....]
Gold:   59         SH:  8    Dex:  9    Spells: 2/2 levels left

rFire   . . .      SeeInvis .   a - +0 flail
rCold   . . .      Faith    .   c - +1 kite shield
rNeg    . . .      Spirit   .   b - +0 robe
rPois   .          Reflect  .   (helmet restricted)
rElec   .          Harm     .   (no cloak)
rCorr   .          Rampage  .   (gloves unavailable)
Will    .....                   (boots unavailable)
Stlth   +.........              (no amulet)
HPRegen 0.92/turn               (no ring)
MPRegen 0.08/turn               (no ring)

@: no status effects
A: large, unfitting armour, claws 3, regeneration 1, shaggy fur 1, tough skin 1
a: Renounce Religion


You were on level 2 of the Dungeon.
You worshipped Vehumet.
Vehumet was aware of your devotion.
You visited 1 branch of the dungeon, and saw 2 of its levels.

You collected 59 gold pieces.

Inventory:

Hand Weapons
 a - a +0 flail (weapon)
Armour
 b - a +0 robe (worn)
 c - a +1 kite shield (worn)
Scrolls
 e - a scroll of identify {unknown}
Potions
 d - a potion of might


   Skills:
 + Level 2.7 Fighting
 + Level 2.1 Maces & Flails
 + Level 2.7 Dodging
 + Level 2.7 Shields


You had 2 spell levels left.
You didn't know any spells.
Your spell library was empty.

Dungeon Overview and Level Annotations

Branches:
Dungeon (2/15)

Altars:
Vehumet

Annotations:
D:2 Natasha


Innate Abilities, Weirdness & Mutations

You are too large for most types of armour.
You have claws for hands.
Your natural rate of healing is unusually fast.
You are covered in fur. (AC +1)
You have tough skin. (AC +1)


Message History

Natasha barely misses you. The shadow imp hits you.
You closely miss Natasha.
Natasha is moderately wounded.
Natasha completely misses you. You block the shadow imp's attack.
You barely miss Natasha.
Natasha is moderately wounded.
Natasha casts a spell at you. The magic dart hits you.
You block the shadow imp's attack. Natasha casts a spell at you.
You resist with significant effort. The shadow imp gestures at you.
You barely resist. You block Natasha's attack. The shadow imp gestures at you.
Pain shoots through your body!
You closely miss Natasha.
Natasha is moderately wounded.
The shadow imp disappears in a puff of smoke!
Natasha howls an incantation.
You feel disoriented. Natasha barely misses you. Natasha claws you.
You closely miss Natasha.
Natasha is moderately wounded.
Natasha claws you but does no damage.
You barely miss Natasha.
Natasha is moderately wounded.
You block Natasha's attack. Natasha claws you!
* * * LOW HITPOINT WARNING * * *
You miss Natasha.
Natasha is moderately wounded.
You block Natasha's attack.
You hit Natasha.
Natasha is severely wounded.
You block Natasha's attack.
You miss Natasha.
Natasha is severely wounded.
Natasha claws you.
* * * LOW HITPOINT WARNING * * *
Natasha claws you.
You die...

.#... #### ##P##
...####..####..P#
........P.P#P...#
###.####.#.##.≈≈.♣#
#.#.####.#.#..≈≈._#
#........#P.#.P≈[♣#
#.#......##P#P...#
#.############..P#
#.........@h.##P##
############..###
#..# #..# #..# #..#
#..# #..#


You could see Natasha.

Vanquished Creatures
  A dart slug (D:1)
  2 bats (D:1)
  4 endoplasms (D:1)
  3 giant cockroaches (D:1)
  4 goblins (D:1)
  2 hobgoblins (D:1)
  2 quokkas (D:1)
  A ball python (D:1)
  A frilled lizard (D:1)
  3 rats (D:1)
23 creatures vanquished.

Notes
Turn   | Place    | Note
-------+----------+-------------------------------------------
     0 | D:1      | SensoryNuts the Troll Fighter began the quest for the Orb.
     0 | D:1      | Reached XP level 1. HP: 22/22 MP: 0/0
   207 | D:1      | Reached XP level 2. HP: 23/29 MP: 1/1
   747 | D:1      | Reached XP level 3. HP: 36/36 MP: 2/2
   866 | D:2      | Found a faded altar of an unknown god.
   869 | D:2      | Prayed at the altar of an unknown god.
   869 | D:2      | Became a worshipper of Vehumet
   869 | D:2      | Reached * piety under Vehumet
   869 | D:2      | Offered knowledge of Sandblast by Vehumet.
   902 | D:2      | Noticed Natasha
   917 | D:2      | Slain by Natasha

Illustrated notes

Levels and vault maps discovered:
D:1:      wander_arrival_abandoned_jail, layout_basic, minmay_pentomino_x2
D:2:      minmay_kobold_bridge, layout_basic,
          dreamdust_ecumenical_altar_hidden_monk_grotto, serial_shops,
          nicolae_shop_window_shopping, uniq_natasha

Skill      XL: |  1  2 |
---------------+-------+-----
Maces & Flails | 2 |  2.1
Fighting       | |  2.7
Dodging        | |  2.7
Shields        | |  2.7

Action                   || total
-------------------------++-------
Melee: Flail             ||   111
  Use: Scroll            ||     1
       Potion            ||     1
 Stab: Sleeping          ||     1
Armor: Robe              ||    51
Dodge: Dodged            ||    48
Block: Kite shield       ||    49

Table legend: (Time is in decaauts)
 A = Elapsed time spent in this place.
 B = Non-inter-level travel time spent in this place.
 C = Inter-level travel time spent in this place.
 D = Time resting spent in this place.
 E = Time spent auto-exploring this place.
 F = Levels seen in this place.
 G = Mean time per level.
                   A        B        C        D        E       F      G
               +--------+--------+--------+--------+--------+-----+--------+
         Total |    973 |    964 |      9 |      0 |    712 |   2 |  486.5 |
       Dungeon |    973 |    964 |      9 |      0 |    712 |   2 |  486.5 |
               +--------+--------+--------+--------+--------+-----+--------+

Top non-repeatable levels by time:
     D:1: 917 daAuts
     D:2: 56 daAuts
